 Dungeon Crawl Stone Soup version 0.27.1-3-gb3d3a73c9e (webtiles) character file.

Game seed: 1356011963990793104

155 horus123 the Shield-Bearer (level 4, -10/38 HPs)
             Began as a Demigod Fighter on Oct 17, 2021.
             Mangled by an orc (11 damage)
             ... on level 3 of the Dungeon.
             The game lasted 00:05:15 (2637 turns).

horus123 the Shield-Bearer (Demigod Fighter)        Turns: 2637, Time: 00:05:17

Health: -10/38     AC:  5    Str: 21    XL:     4   Next: 90%
Magic:  8/9        EV:  9    Int: 10    God:
Gold:   93         SH:  9    Dex: 13    Spells: 5/6 levels left

rFire    . . .     SeeInvis .   a - +0 long sword
rCold    + . .     Faith    .   c - +0 kite shield
rNeg     . . .     Spirit   .   h - +1 leather armour
rPois    .         Reflect  .   (no helmet)
rElec    .         Harm     .   (no cloak)
rCorr    .         Rampage  .   (no gloves)
Will     .....                  e - +0 pair of boots
Stlth    +.........             (no amulet)
HPRegen  0.12/turn              g - ring of protection from cold
MPRegen  0.11/turn              (no ring)

@: no status effects
A: high mp 1, forlorn
a: no special abilities


You were on level 3 of the Dungeon.
You visited 1 branch of the dungeon, and saw 3 of its levels.

You collected 93 gold pieces.

Inventory:

Hand Weapons
 a - a +0 long sword (weapon)
 f - a +0 spear of venom
Armour
 b - a +0 scale mail
 c - a +0 kite shield (worn)
 e - a +0 pair of boots (worn)
 h - a +1 leather armour (worn)
Jewellery
 g - a ring of protection from cold (left hand)
Scrolls
 l - a scroll of blinking {unknown}
Potions
 d - a potion of might
 i - a potion of curing {unknown}
 j - a potion of lignification {unknown}
 k - a potion of magic {unknown}


   Skills:
 + Level 3.0 Fighting
 + Level 2.6 Long Blades
 + Level 3.0 Armour
 + Level 0.7 Dodging
 + Level 3.2 Shields
 * Level 1.6 Spellcasting
 * Level 1.5 Hexes


You had 5 spell levels left.
You knew the following spells:

 Your Spells              Type           Power      Damage    Failure   Level
a - Corona                Hex            3%         N/A       67%         1

Your spell library contained the following spells:

 Spells                   Type           Power      Damage    Failure   Level
 Magic Dart               Conj           0%         1d3       87%         1
 Ensorcelled Hibernation  Hex/Ice        4%         N/A       88%         2
 Searing Ray              Conj           0%         3d3       95%         2
 Tukima's Dance           Hex            3%         N/A       95%         3
 Fulminant Prism          Conj/Hex       1%         3d6       100%        4


Dungeon Overview and Level Annotations

Branches:
Dungeon (3/15)


Innate Abilities, Weirdness & Mutations

Your attributes grow dramatically as you level up.
You have an increased reservoir of magic. (+10% MP)
You shall have no god before yourself.


Message History

An orc comes into view. It is wielding a +0 dagger.
You hit the orc wizard.
The orc wizard is severely wounded.
You block the orc wizard's attack.
The orc wizard hits you with a +0 dagger.
You miss the orc wizard.
The orc wizard is severely wounded.
The orc wizard hits you with a +0 dagger.
You closely miss the orc wizard.
The orc wizard is heavily wounded.
The orc wizard hits you with a +0 dagger.
The orc wizard barely misses you.
You miss the orc wizard.
The orc wizard is heavily wounded.
The orc wizard casts a spell at you. You resist with some effort.
You hit the orc wizard.
The orc wizard is severely wounded.
The orc wizard misses you.
An orc comes into view. It is wielding a +0 hand axe.
You block the orc wizard's attack.
The orc moves out of view.
You hit the orc wizard.
You kill the orc wizard!
The bat hits you but does no damage.
The orc hits you with a +2 short sword of electrocution.
Your Fighting skill increases to level 3!
You hit the orc.
The orc is almost dead.
The orc hits you with a +2 short sword of electrocution. x2
You closely miss the orc.
The orc is almost dead.
The orc hits you with a +2 short sword of electrocution.
You are electrocuted!!
Ouch! That really hurt!
* * * LOW HITPOINT WARNING * * *
You barely miss the orc.
The orc is almost dead.
You block the orc's attack. The orc hits you but does no damage.
You are electrocuted!
You die...

#.#..........###......##
#.#.###+#.............#
#...# #.#...........###
###.###.#...........#
#.......#...........#
#...###.#...........#
#.###...#.#...........#
...........#.......)...#
##..#....#@#............#
## #...##o########.....#
#...#Sgo....# #.....#
#...#.b.....#
#...#.......#
............#
.............#
...)......# ...........o.


You could see an adder, 2 orcs, a goblin and a bat.

Vanquished Creatures
  Natasha (twice) (D:2)
  An orc wizard (D:3)
  3 adders (D:2)
  A dart slug (D:1)
  4 ball pythons
  3 bats
  2 endoplasms (D:2)
  7 goblins
  4 hobgoblins
  7 jackals
  7 kobolds (D:1)
  A quokka (D:1)
  6 frilled lizards
  4 rats
52 creatures vanquished.

Notes
Turn   | Place    | Note
-------+----------+-------------------------------------------
     0 | D:1      | horus123 the Demigod Fighter began the quest for the Orb.
     0 | D:1      | Reached XP level 1. HP: 18/18 MP: 3/3
   188 | D:1      | Reached XP level 2. HP: 21/23 MP: 4/4
   325 | D:1      | Learned a level 1 spell: Corona
  1248 | D:2      | Reached XP level 3. HP: 25/30 MP: 5/5
  1489 | D:2      | Reached skill level 1 in Hexes
  1856 | D:2      | Noticed Natasha
  1869 | D:2      | Killed Natasha
  1870 | D:2      | Reached XP level 4. HP: 37/37 MP: 7/7
  2101 | D:2      | Noticed Natasha
  2114 | D:2      | Killed Natasha
  2115 | D:2      | Reached skill level 1 in Spellcasting
  2636 | D:3      | HP: 1/38 [orc (19)]
  2637 | D:3      | Mangled by an orc

Illustrated notes

Levels and vault maps discovered:
D:1:      lemuel_arrival_cross, layout_loops_cross,
          shapermc_ecumenical_altar_venn, chequers_garden, dk_noncrumbling_4
D:2:      layout_basic, minivault_4, uniq_natasha
D:3:      layout_basic

Skill      XL: |  1  2  3  4 |
---------------+-------------+-----
Shields        | 3 |  3.2
Long Blades    | 2 |  2.6
Hexes          | 1 |  1.5
Armour         | 3 |  3.0
Spellcasting   | 1 |  1.6
Fighting       | 3 |  3.0
Dodging        | |  0.7

Action                   |  1- 3 |  4- 6 || total
-------------------------+-------+-------++-------
Melee: Long sword        |   148 |    43 ||   191
       Unarmed           |       |     6 ||     6
  Use: Scroll            |     3 |     1 ||     4
 Stab: Sleeping          |       |     1 ||     1
Armor: Scale mail        |    18 |       ||    18
       Leather armour    |    39 |    22 ||    61
       Skin              |     2 |     1 ||     3
Dodge: Dodged            |    52 |    27 ||    79
Block: Kite shield       |    84 |    25 ||   109
       Rpst.: Long sword |    16 |     5 ||    21
